Map: Data-C

Players

Amerigo - Winner!

  • Race: Protoss Protoss
  • League: Silver
  • Spawn Location: 3:00

Rinzler

  • Race: Terran Terran
  • League: Master
  • Spawn Location: 9:00

VOD

Have the link to the VOD?

Description

Time

  • Played on: Sept. 1, 2022, 8:58 a.m.
  • Length: 13:04
Show
View Real Time Build Order
Export as new Build Order

Amerigo Protoss - Winner!

Build Orders:  

Get SALT Encoding   

  12  0:00  Probe  
  13  0:12  Probe  
  14  0:21  Pylon  
  14  0:32  Probe  
  15  0:44  Gateway, Probe  
  16  0:57  Probe (Chrono Boost)  
  17  1:07  Probe (Chrono Boost)  
  18  1:12  Probe (Chrono Boost)  
  19  1:23  Probe  
  20  1:26  Assimilator  
  20  1:35  Probe  
  21  1:44  Cybernetics Core  
  21  1:47  Probe  
  21  1:52  Assimilator  
  22  2:00  Probe  
  23  2:07  Nexus  
  23  2:26  Pylon  
  23  2:30  Pylon, Warp Gate (Chrono Boost)  
  23  2:39  Stalker  
  24  3:07  Robotics Facility  
  23  3:24  Stalker (Chrono Boost)  
  24  3:48  Probe  
  24  3:55  Probe  
  26  3:56  Stalker (Chrono Boost)  
  26  4:00  Probe  
  29  4:07  Probe  
  30  4:13  Probe  
  29  4:19  Probe  
  29  4:23  Stalker (Chrono Boost)  
  28  4:25  Probe  
  30  4:31  Probe  
  31  4:44  Probe (Chrono Boost)  
  32  4:46  Stalker  
  32  4:48  Observer  
  36  4:54  Probe (Chrono Boost)  
  36  4:58  Probe (Chrono Boost)  
  36  4:59  Probe (Chrono Boost)  
  37  5:09  Probe  
  37  5:10  Probe  
  40  5:14  Observer  
  40  5:16  Stalker  
  42  5:22  Pylon, Probe x2 (Chrono Boost)  
  42  5:25  Pylon  
  44  5:30  Pylon  
  44  5:34  Pylon, Probe (Chrono Boost)  
  46  5:36  Assimilator, Observer  
  46  5:40  Assimilator  
  47  5:43  Probe (Chrono Boost)  
  47  5:48  Probe  
  48  6:00  Probe  
  49  6:27  Gateway  
  49  6:28  Gateway  
  49  6:31  Gateway  
  49  6:33  Gateway  
  49  6:34  Gateway  
  49  6:36  Gateway  
  49  6:37  Gateway  
  49  6:40  Gateway  
  49  6:44  Twilight Council  
  49  6:45  Forge  
  49  7:08  Stalker  
  51  7:17  Observer  
  52  7:44  Stalker  
  52  7:45  Stalker x6  
  52  7:46  Protoss Ground Weapons Level 1, Stalker x2  
  52  7:51  Pylon  
  70  7:52  Pylon, Probe (Chrono Boost)  
  70  7:54  Pylon  
  70  7:57  Pylon  
  71  8:00  Pylon  
  71  8:01  Pylon  
  71  8:04  Charge (Chrono Boost), Probe (Chrono Boost)  
  72  8:10  Observer  
  72  8:11  Probe (Chrono Boost)  
  69  8:18  Probe  
  62  8:22  Zealot x3  
  62  8:23  Zealot x5  
  62  8:24  Zealot  
  80  8:30  Probe  
  53  9:08  Zealot  
  53  9:09  Zealot x7  
  69  9:10  Zealot  
  69  9:13  Probe (Chrono Boost)  
  72  9:22  Probe (Chrono Boost)  
  73  9:27  Probe (Chrono Boost)  
  73  9:29  Blink (Chrono Boost)  
  74  9:37  Nexus  
  74  9:50  Protoss Ground Armor Level 1 (Chrono Boost)  
  74  9:51  Observer  
  75  9:55  Zealot x6  
  75  9:56  Zealot x3  
  93  10:13  Observer  
  82  10:53  Zealot x7  
  82  10:54  Zealot x2  
  100  11:07  Pylon  
  100  11:08  Pylon  
  100  11:10  Pylon  
  100  11:12  Pylon  
  100  11:18  Stalker x5  
  100  12:19  Stalker  
  100  12:20  Stalker x7  
  100  12:21  Stalker  
Show
View Real Time Build Order
Export as new Build Order

Rinzler Terran 

Build Orders:  

Get SALT Encoding   

  12  0:00  SCV  
  13  0:13  SCV  
  14  0:25  SCV  
  14  0:27  Supply Depot  
  15  0:48  SCV  
  16  0:50  Barracks  
  16  0:55  Supply Depot  
  16  1:03  SCV  
  17  1:07  Refinery  
  17  1:08  Refinery  
  17  1:15  SCV  
  18  1:31  SCV  
  19  1:43  SCV  
  20  1:49  Reaper  
  20  2:14  Orbital Command  
  20  2:18  Barracks  
  20  2:21  Reaper  
  21  2:44  Command Center  
  21  2:48  Factory  
  21  3:01  Reaper  
  22  3:15  SCV  
  23  3:32  Reaper  
  23  3:33  SCV  
  25  3:41  Factory Tech Lab  
  25  3:42  Marine  
  25  3:46  SCV  
  27  3:49  Engineering Bay  
  27  3:59  Marine  
  28  4:04  Marine  
  28  4:17  Marine  
  28  4:18  SCV x2  
  30  4:39  SCV  
  30  4:40  SCV  
  30  4:42  Siege Tank  
  30  4:45  Barracks Tech Lab  
  34  4:51  SCV  
  34  4:52  SCV, Barracks Reactor  
  36  4:53  Barracks  
  36  4:55  Barracks  
  36  4:58  Starport  
  36  4:59  Missile Turret  
  36  5:04  SCV  
  38  5:10  Orbital Command  
  38  5:13  Terran Infantry Weapons Level 1  
  37  5:14  Siege Tank  
  37  5:15  Stimpack  
  37  5:16  SCV  
  41  5:23  Marine  
  41  5:28  SCV  
  43  5:33  Supply Depot  
  43  5:37  Supply Depot  
  43  5:40  SCV  
  43  5:41  Marine  
  45  5:52  SCV  
  44  5:58  Marine  
  42  6:10  Marine x2  
  42  6:11  Marine  
  45  6:12  Siege Tank  
  45  6:14  Medivac  
  45  6:16  Marine  
  45  6:18  SCV x2  
  53  6:30  SCV x2  
  55  6:35  Command Center  
  55  6:36  Refinery  
  55  6:37  Refinery  
  55  6:42  SCV x2, Marine x5  
  62  6:56  Supply Depot  
  62  6:57  Supply Depot  
  62  6:58  Combat Shield  
  62  7:08  Terran Infantry Armor Level 1  
  62  7:14  Supply Depot  
  62  7:17  Supply Depot  
  62  7:18  SCV x2, Marine x5, Medivac  
  62  7:19  Siege Tank  
  74  7:30  SCV x2  
  74  7:36  Marine  
  76  7:42  SCV  
  75  7:44  Marine  
  75  7:45  Marine x3  
  75  7:51  Siege Tank  
  82  7:53  Marine  
  83  8:02  Marine x4  
  87  8:06  Medivac  
  87  8:11  Marine  
  84  8:20  Marine x4  
  84  8:23  Siege Tank  
  91  8:29  SCV x2, Marine  
  94  8:36  Medivac  
  94  8:37  Marine  
  94  8:38  Marine  
  94  8:39  Barracks Tech Lab  
  98  8:41  SCV x2, Barracks Tech Lab  
  98  8:47  Marine  
  90  8:53  SCV  
  90  8:55  Siege Tank, Marine  
  85  8:56  Marine  
  85  8:58  Marine  
  85  8:59  Marauder  
  88  9:05  Marine, Medivac  
  91  9:13  Marine  
  91  9:14  Marine  
  91  9:16  Marine  
  94  9:18  SCV  
  94  9:19  SCV  
  94  9:21  Orbital Command, Marauder  
  94  9:22  Marine  
  99  9:27  Siege Tank  
  99  9:31  SCV x2, Marine  
  103  9:32  Marine  
  103  9:34  Marine  
  107  9:39  Armory  
  107  9:40  Engineering Bay  
  107  9:42  Marauder, Refinery  
  107  9:43  Refinery  
  109  9:50  Supply Depot x3  
  109  9:51  Concussive Shells  
  109  10:12  Marauder x3, SCV x2, Marine x2, Medivac  
  116  10:14  Supply Depot  
  95  10:24  SCV x2  
  84  10:29  Marine x2  
  84  10:33  Marine x3  
  86  10:36  SCV x2  
  86  10:42  Medivac  
  90  10:53  SCV x2, Missile Turret  
  90  10:54  SCV  
  93  11:04  Factory  
  93  11:05  SCV x2  
  93  11:06  SCV  
  93  11:08  Factory  
  93  11:09  Terran Vehicle Weapons Level 1  
  96  11:12  Hellbat, Medivac  
  96  11:17  SCV  
  96  11:18  SCV x2  
  103  11:29  SCV, Command Center  
  103  11:30  SCV x2  
  106  11:33  Hellbat  
  106  11:37  Command Center  
  106  11:39  Marine x5  
  110  11:54  Hellbat, Command Center  
  109  11:57  Marine x5  
  84  12:14  Factory Tech Lab, Marine  
  84  12:15  Marine x4  
  66  12:16  Factory Tech Lab  
  66  12:21  Siege Tank  
  60  12:32  Marine  
  60  12:33  Marine x4  
Tags
 
Matchup
PvT
Spawn Locations
Cross Positions
Add a new tag
Caveats
  • Supply blocks, unpowered buildings, or Contaminate may cause inaccurate times.
  • Supply counts are checked every 10 seconds.